 Dungeon Crawl Stone Soup version 0.17-a0-1093-g0b3cd89 (webtiles) character file.

71 Perunarutto the Chiller (level 4, -1/30 HPs)
             Began as a Demonspawn Ice Elementalist on May 20, 2015.
             Slain by an orc wizard
             ... wielding a cursed -1 dagger
              (2 damage)
             ... on level 3 of the Dungeon.
             The game lasted 00:17:12 (1272 turns).

Perunarutto the Chiller (DsIE)                      Turns: 1272, Time: 00:17:12

Health: -1/30      AC:  4    Str:  8    XL:     4   Next: 5%
Magic:  0/7        EV:  7    Int: 18    God:
Gold:   85         SH:  0    Dex: 13    Spells: 2 memorised, 4 levels left

rFire  . . .     SeeInvis .     g - +0 short sword
rCold  . . .     Clarity  .     a - +0 robe
rNeg   . . .     SustAb   .     (no shield)
rPois  .         Gourm    .     (no helmet)
rElec  .         Spirit   .     (no cloak)
rCorr  .         Warding  .     (no gloves)
rMut   .         Stasis   .     (no boots)
MR     .....                    (no amulet)
Stlth  +++.......               (no ring)
                                (no ring)

@: confused, not resistant to hostile enchantments, fairly stealthy
A: yellow scales 1, nightstalker 2
a: no special abilities


You were on level 3 of the Dungeon.
You were not hungry.

You visited 1 branch of the dungeon, and saw 3 of its levels.

You collected 85 gold pieces.

Inventory:

Hand weapons
 g - a +0 short sword (weapon)
Armour
 a - a +0 robe (worn)
Scrolls
 d - a scroll of immolation {unknown}
 j - a scroll of magic mapping {unknown}
Potions
 e - a potion of curing {unknown}
 f - 2 potions of brilliance {unknown}
 i - 4 potions of might
Books
 b - a book of Frost

   Spells                             Type                      Level
   a - Freeze                         Ice                          1
   b - Throw Frost                    Conjuration/Ice              2
   c - Ozocubu's Armour               Charms/Ice                   3
   d - Throw Icicle                   Conjuration/Ice              4
   e - Summon Ice Beast               Ice/Summoning                4
   f - Condensation Shield            Ice                          4


   Skills:
 + Level 0.2 Fighting
 + Level 2.5 Dodging
 + Level 1.9 Stealth
 + Level 2.4 Spellcasting
 + Level 1.1 Conjurations
 + Level 3.5 Ice Magic


You had 4 spell levels left.
You knew the following spells:

 Your Spells              Type           Power        Failure   Level  Hunger
a - Freeze                Ice            ###.         4%          1    #......
b - Throw Frost           Conj/Ice       ##....       12%         2    ##.....


Dungeon Overview and Level Annotations

Branches:
Dungeon (3/15)

Altars:
Zin


Innate Abilities, Weirdness & Mutations

You are partially covered in yellow scales (AC +2).
You are significantly more attuned to the shadows.


Message History

* * * LOW HITPOINT WARNING * * *
Casting: Freeze
Confirm with . or Enter, or press ? or * to list all spells.
Aiming: Freeze
Press: ? - help, Shift-Dir - straight line, f/p - orc wizard
Aim: an orc wizard, wielding an enchanted dagger and wearing a robe (heavily wounded)
You freeze the orc wizard.
The orc wizard is almost dead.
The orc wizard gestures at you while chanting.
You are confused.
The orc hits you but does no damage.
The orc wizard hits you but does no damage.
The orc closely misses you.
In your confused state, you trip and fall back down the stairs.
* * * LOW HITPOINT WARNING * * *
You climb downwards.
The orc barely misses you. The orc hits you with a whip.
* * * LOW HITPOINT WARNING * * *
There is a stone staircase leading up here.
The orc wizard hits you with an enchanted dagger.
You die... ### ##@## #ooo#

####...#
#......#
#.##...#
. #...#
#.###...#
.......##
#.######


You could see an orc wizard and 2 orcs.

Vanquished Creatures
  Ijyb (D:2)
  2 oozes (D:1)
  2 giant geckos
  An orc (D:3)
  A ball python (D:1)
  4 goblins
  5 hobgoblins
  6 bats
  A giant cockroach (D:1)
  A giant newt (D:1)
  3 kobolds
  4 rats (D:1)
31 creatures vanquished.

Notes
Turn   | Place    | Note
--------------------------------------------------------------
     0 | D:1      | Perunarutto the Demonspawn Ice Elementalist began the quest for the Orb.
     0 | D:1      | Reached XP level 1. HP: 13/13 MP: 3/3
    96 | D:1      | Gained mutation: You are partially covered in yellow scales (AC +2). [demonic ancestry]
    96 | D:1      | Reached XP level 2. HP: 14/19 MP: 1/5
   242 | D:1      | Learned a level 2 spell: Throw Frost
   265 | D:1      | Reached skill level 3 in Ice Magic
   303 | D:1      | Gained mutation: You are slightly more attuned to the shadows. [demonic ancestry]
   303 | D:1      | Reached XP level 3. HP: 17/24 MP: 0/6
   444 | D:2      | Noticed Ijyb
   476 | D:2      | Killed Ijyb
   561 | D:2      | Found a glowing silver altar of Zin.
  1040 | D:2      | Gained mutation: You are significantly more attuned to the shadows. [demonic ancestry]
  1040 | D:2      | Reached XP level 4. HP: 30/30 MP: 2/7
  1271 | D:3      | HP: 1/30 [orc/whip (1)]
  1272 | D:3      | Slain by an orc wizard

Vault maps used:
D:1:      dpeg_arrival_pond
D:2:      lemuel_round_altar, minmay_crystal_water, kennysheep_generic_room_8,
          uniq_iyjb, uniq_jessica
D:3:      first_bread

Action                   |  1- 3 |  4- 6 || total
-------------------------+-------+-------++-------
Melee: Unarmed           |     1 |       ||     1
       Short sword       |    45 |     7 ||    52
 Cast: Freeze            |    36 |     9 ||    45
       Throw Frost       |     9 |     3 ||    12
  Use: Scroll            |     2 |       ||     2
  Eat: Beef jerky        |     1 |       ||     1
       Bread ration      |       |     1 ||     1
